 Dungeon Crawl Stone Soup version 0.29-a0-819-g94b489e0ae (webtiles) character file.

Game seed: 14772988916155895641

240 spaghetti the Ruffian (level 5, -2/51 (63) HPs)
             Began as a Demonspawn Berserker on July 7, 2022.
             Was a Believer of Trog.
             Slain by a gnoll
             ... wielding a +2 flail of draining
              (6 damage)
             ... on level 3 of the Dungeon.
             The game lasted 00:05:05 (3654 turns).

spaghetti the Ruffian (Demonspawn Berserker)        Turns: 3654, Time: 00:05:06

HP:   -2/51 (63)    AC: 22    Str: 19    XL:     5   Next: 80%
MP:   0/5           EV:  2    Int:  8    God:    Trog [**....]
Gold: 208           SH:  0    Dex: 13    Spells: 4/4 levels left

rFire   . . .      SeeInvis .     - Unarmed
rCold   . . .      Faith    .   (no shield)
rNeg    . . .      Spirit   +   (body armour currently unavailable)
rPois   +          Reflect  .   (helmet currently unavailable)
rElec   .          Harm     .   (cloak currently unavailable)
rCorr   .          Rampage  .   (gloves currently unavailable)
Will    ++...      NoTele   +   (boots currently unavailable)
Stlth   +.........              (no amulet)
HPRegen 1.17/turn               (no ring)
MPRegen 0.18/turn               (no ring)

@: tree-form (expiring), weakened, strong-willed, on berserk cooldown,
regenerating, slowed, heavily drained, very slow
A: stationary, stasis, torment immunity, boosted hp, (horns 1), (icy blue scales
1), magic shield, magic regeneration
a: Renounce Religion, Berserk, Trog's Hand


You were on level 3 of the Dungeon.
You worshipped Trog.
Trog was pleased with you.
You were a tree.
You visited 1 branch of the dungeon, and saw 3 of its levels.

You collected 208 gold pieces.


Innate Abilities, Weirdness & Mutations

You are a tree.
Your roots penetrate the ground, keeping you stationary.
You cannot be teleported.
You are immune to unholy pain and torment.
Your maximum health is greatly increased.
Your equipment is partially melded.
((You have a pair of small horns on your head.))
((You are partially covered in icy blue scales. (AC +2)))
When hurt, damage is shared between your health and your magic reserves.
You regenerate magic rapidly.


   Skills:
 + Level 4.0 Fighting
 + Level 2.2 Throwing
 + Level 2.1 Armour
 - Level 1.7 Dodging
 * Level 4.6 Unarmed Combat


You had 4 spell levels left.
You didn't know any spells.
Your spell library contained the following spells:

 Spells                   Type           Power      Damage    Failure   Level
 Freeze                   Ice            0%         1d3       41%         1
 Call Canine Familiar     Summ           0%         N/A       78%         3
 Frozen Ramparts          Ice            0%         1d2       78%         3
 Portal Projectile        Hex/Tloc       0%         N/A       78%         3
 Hailstorm                Conj/Ice       0%         3d3       99%         4
 Leda's Liquefaction      Hex/Erth       0%         N/A       99%         4

Inventory:

Hand Weapons
 f - a +1 short sword of freezing {short}
   (You found it on level 1 of the Dungeon)
Missiles
 b - 4 poisoned darts {throwing}
 j - 7 stones (quivered) {throwing}
Armour
 a - a +1 animal skin (melded)
Scrolls
 d - 2 scrolls of brand weapon
 g - a scroll of enchant weapon
 i - a scroll of identify {@r1}
 k - a scroll of vulnerability {!r!r}

Dungeon Overview and Level Annotations

Branches:
Dungeon (3/15) Zot: 14335

Altars:
Ashenzari
Cheibriados
Gozag
Makhleb
Nemelex Xobeh
Okawaru
Qazlal
Ru
Sif Muna
Xom

Annotations:
D:3 1 transporter

#####.# #>####.## ####....##
####.######.......###.....#..#
#............................#
#.≈≈≈≈≈≈≈≈≈≈≈≈≈≈≈≈≈≈≈≈≈≈≈≈≈..#
#.≈≈≈≈≈≈≈≈≈≈≈≈≈≈≈≈≈≈≈≈≈≈≈≈≈..#
##.≈≈#####...........#####≈≈..#
#..≈≈#g..#.###.©.###.#!..#≈≈..#
#..≈≈#...###©#####§###..g#≈≈..#
#..≈≈###......gg♣§§....###≈≈..#
...≈≈.8#.######g###§##.#8.≈≈..#
#..≈≈.##.#$.=#8g.#.§P#.##.≈≈..#
##.≈≈.#..+$.:#g§.....'..#.≈≈..#
...≈≈.##.#$.W#8..#P..#.##.≈≈..#
##.≈≈.8#.######'###'##.#8.≈≈..#
#.≈≈###.........gg....###≈≈..#
#.≈≈#g..###.#####g###...#≈≈..#
#.≈≈#...#.###.©.###.#...#≈≈..#


You could see a gnoll bouda and 4 gnolls.


Message History

Your Armour skill increases to level 2!
You now have 63 max hp (+11).
You aren't carrying any items that you can evoke.
You aren't carrying any potions.
Unknown command.
As you read the scroll labelled PUWKESOOSE, it crumbles to dust.
It is a scroll of enchant armour.
Your +0 animal skin glows green for a moment.
The gnoll bouda gazes fiercely through you!
You feel your attacks grow feeble.
The gnoll hits you with a +2 flail of draining.
* * * LOW HITPOINT WARNING * * *
You feel drained. 😱 HP[-1] MP[-1]
You now have 61 max hp (-2).
You lost 1 mp, and now have 1/5 mp.
Unknown command.
Unknown command.
As you read the scroll labelled KEM NABYPH, it crumbles to dust.
It is a scroll of enchant weapon.
Your +0 short sword of freezing {short} glows red for a moment.
The gnoll bouda hits you with a +0 club.
* * * LOW HITPOINT WARNING * * *
The gnoll hits you but does no damage.
You feel drained.
The gnoll bouda gazes fiercely through you!
You feel as though you will be weak longer.
The gnoll bouda hits you but does no damage.
The gnoll barely misses you. 😱 HP[-2] MP[-1]
You now have 60 max hp (-1).
You take 2 damage, and now have 4/60 hp.
You lost 1 mp, and now have 0/5 mp.
Your skin crawls.
You feel strong-willed.
The gnoll bouda hits you but does no damage.
The gnoll hits you but does no damage.
You feel drained. 😱 HP[+1] MP[+1]
You now have 58 max hp (-2).
Unknown command.
Unknown command.
Unknown command.
Okay, then.
As you read the scroll labelled IDULIT QUNI, it crumbles to dust.
It is a scroll of identify.
k - a scroll of vulnerability The gnoll bouda gazes fiercely through you!
You feel as though you will be weak longer.
The gnoll bouda hits you but does no damage.
The gnoll hits you but does no damage.
You feel drained.
The gnoll bouda hits you with a +0 club.
* * * LOW HITPOINT WARNING * * *
The gnoll hits you but does no damage.
You feel drained. 😱 HP[-2] MP[-1]
You now have 55 max hp (-3).
You lost 1 mp, and now have 0/5 mp.
Unknown command.
Unknown command.
As you read the scroll labelled GURHIQ EL ITEU, it crumbles to dust.
The scroll dissolves into smoke.
It was a scroll of fog.
Your transformation is almost over.
The gnoll bouda hits you but does no damage.
The gnoll hits you but does no damage.
You feel drained. 😱 HP[+2]
You now have 54 max hp (-1).
You regained 2 hp, and now have 5/54 hp.
Unknown command.
Unknown command.
Unknown command.
Unknown command.
You aren't carrying any potions.
Unknown command.
You barely miss the gnoll bouda.
The gnoll bouda hits you with a +0 club.
* * * LOW HITPOINT WARNING * * *
The gnoll barely misses you.
The gnoll bouda hits you but does no damage.
The gnoll hits you but does no damage.
You feel drained. 😱 HP[+1]
You now have 52 max hp (-2).
Unknown command.
Unknown command.
Unknown command.
You barely miss the gnoll bouda.
The gnoll bouda barks out a call to the hunt!
The gnolls pick up the pace!
The gnoll hits you but does no damage.
You feel drained. 😱 HP[+1] MP[+1]
You now have 51 max hp (-1).
Unknown command.
Unknown command.
You hit the gnoll bouda but do no damage.
The gnoll bouda hits you with a +0 club.
* * * LOW HITPOINT WARNING * * *
The gnoll hits you with a +2 flail of draining.
You die...

Skill      XL: |  1  2  3  4  5 |
---------------+----------------+-----
Unarmed Combat | 3 4 |  4.6
Throwing       | 1 2 |  2.2
Fighting       | 4 |  4.0
Armour         | 2 |  2.1
Dodging        | |  1.7

Action                   |  1- 3 |  4- 6 || total
-------------------------+-------+-------++-------
Melee: Unarmed           |   110 |    82 ||   192
       Punch             |     1 |     4 ||     5
       Headbutt          |       |     8 ||     8
Throw: Stone             |     6 |     7 ||    13
       Dart              |    17 |    21 ||    38
Invok: Berserk           |     3 |     1 ||     4
       Trog's Hand       |     1 |     2 ||     3
  Use: Potion            |     1 |     2 ||     3
       Scroll            |       |     5 ||     5
 Stab: Distracted        |     1 |       ||     1
       Sleeping          |       |     2 ||     2
Armor: Animal skin       |    23 |    11 ||    34
       Skin              |     3 |    14 ||    17
Dodge: Dodged            |    68 |    41 ||   109

Levels and vault maps discovered:
D:1:      lordsloth_arrival_two_stooges, layout_basic,
          ebering_ecumenical_altar_petrified
D:2:      layout_basic, basic_altar, hangedman_decor_riveting,
          small_statue_intersection, minmay_strange_pillars, minmay_tromino_v7,
          uniq_robin
D:3:      layout_loops_ring, mainiacjoe_overflow_chevrons,
          chequers_temple_overflow_minitemple, lemuel_round_altar,
          doesnt_xom_only_xom, gammafunk_ghost_gnarly_gnolls

Notes
Turn   | Place    | Note
-------+----------+-------------------------------------------
     0 | D:1      | spaghetti the Demonspawn Berserker began the quest for the
                  | Orb.
     0 | D:1      | Reached XP level 1. HP: 18/18 MP: 1/1
     0 | D:1      | magus.rc [v1.9.6]
     3 | D:1      | You pick up a book of the Hunter {forbidden} and begin
                  | reading...
     3 | D:1      | You add the spells Call Canine Familiar, Portal Projectile
                  | and Leda's Liquefaction to your library.
    96 | D:1      | Found a faded altar of an unknown god.
   185 | D:1      | Reached skill level 3 in Unarmed Combat
   585 | D:1      | Gained mutation: You regenerate magic rapidly. [demonic
                  | ancestry]
   585 | D:1      | Reached XP level 2. HP: 24/24 MP: 2/2
   849 | D:2      | HP: 9/36 [poisoned by an adder]
   854 | D:2      | HP: 6/36 [poisoned by an adder]
   858 | D:2      | HP: 2/24 [poisoned by an adder]
   880 | D:2      | Gained mutation: When hurt, damage is shared between your
                  | health and your magic reserves. [demonic ancestry]
   880 | D:2      | Reached XP level 3. HP: 8/29 MP: 3/3
  1641 | D:2      | Reached skill level 1 in Throwing
  1720 | D:2      | Noticed Robin
  1725 | D:2      | Killed Robin
  1734 | D:2      | Reached ** piety under Trog
  2024 | D:2      | HP: 7/29 [adder (2)]
  2024 | D:2      | HP: 3/29 [frozen (4)]
  2029 | D:2      | HP: 3/43 [poisoned by an adder]
  2030 | D:2      | Gained mutation: You have a pair of small horns on your
                  | head. [demonic ancestry]
  2030 | D:2      | Reached XP level 4. HP: 4/35 MP: 2/4
  2034 | D:2      | HP: 3/35 [poisoned by an adder]
  2414 | D:3      | Reached skill level 4 in Unarmed Combat
  2543 | D:3      | Found a sacrificial altar of Ru.
  2658 | D:3      | Found a sparkling altar of Nemelex Xobeh.
  2715 | D:3      | Found a stormy altar of Qazlal.
  2715 | D:3      | Found an ornate altar of the Wu Jian Council.
  2718 | D:3      | Found a shimmering blue altar of Sif Muna.
  2718 | D:3      | Found a shimmering altar of Xom.
  2718 | D:3      | Found a broken altar of Ashenzari.
  3128 | D:3      | You pick up a book of Frost {forbidden} and begin
                  | reading...
  3128 | D:3      | You add the spells Freeze, Frozen Ramparts and Hailstorm to
                  | your library.
  3162 | D:3      | Gained mutation: You are partially covered in icy blue
                  | scales. (AC +2) [demonic ancestry]
  3162 | D:3      | Reached XP level 5. HP: 42/42 MP: 5/5
  3176 | D:3      | Found an opulent altar of Gozag.
  3227 | D:3      | Found a transporter.
  3276 | D:3      | Found a transporter.
  3288 | D:3      | Noticed RevDB's ghost (amateur DrMo)
  3420 | D:3      | Found a snail-covered altar of Cheibriados.
  3420 | D:3      | Found an iron altar of Okawaru.
  3430 | D:3      | Found a faded altar of an unknown god.
  3432 | D:3      | Found a faded altar of an unknown god.
  3442 | D:3      | Found a burning altar of Makhleb.
  3638 | D:3      | HP: 11/55 [gnoll/+2 flail of draining (11)]
  3638 | D:3      | HP: 1/52 [RevDB's ghost (7)]
  3645 | D:3      | HP: 7/52 [RevDB's ghost (2)]
  3646 | D:3      | Killed RevDB's ghost
  3647 | D:3      | Reached skill level 4 in Fighting
  3647 | D:3      | Reached skill level 2 in Throwing
  3647 | D:3      | Reached skill level 2 in Armour
  3650 | D:3      | HP: 3/57 [gnoll bouda/+0 club (4)]
  3654 | D:3      | Slain by a gnoll

Vanquished Creatures
  The ghost of RevDB the Trooper, an amateur DrMo (D:3)
  A hound (D:3)
  Robin (D:2)
  4 adders
  3 worms
  A dart slug (D:2)
  2 orcs (D:3)
  5 bats
  3 endoplasms
  2 giant cockroaches
  16 goblins
  9 hobgoblins
  A quokka (D:3)
  3 ball pythons
  A frilled lizard (D:1)
  2 kobolds
  4 rats
59 creatures vanquished.

Vanquished Creatures (others)
  4 plants (D:3)
4 creatures vanquished.

Grand Total: 63 creatures vanquished

Table legend:
 A = Non-vault XP
 B = Vault XP
 C = Vault XP percentage of total XP
 D = Non-vault monster count
 E = Vault monster count
 F = Vault count percentage of total count
                 A         B        C        D         E       F
            +---------+---------+-------+---------+---------+-------
      Total |     163 |     181 |  52.6 |      43 |      16 |  27.1
            +---------+---------+-------+---------+---------+-------
        D:1 |      13 |       0 |   0.0 |       8 |       0 |   0.0
        D:2 |      41 |      53 |  56.4 |      15 |      15 |  50.0
        D:3 |     109 |     128 |  54.0 |      20 |       1 |   4.8
            +---------+---------+-------+---------+---------+-------

Illustrated notes

Table legend:
 A = Kills in this place as a percentage of kills in entire the game.
 B = Kills by you in this place as a percentage of kills by you in the entire game.
 C = Kills by friends in this place as a percentage of kills by friends in the entire game.
 D = Other kills in this place as a percentage of other kills in the entire game.
 E = Experience gained in this place as a percentage of experience gained in the entire game.
 F = Experience gained in this place divided by the number of levels of this place that you have seen.
                   A       B       C       D       E      F
               +-------+-------+-------+-------+-------+----------------------
         Total | 100.0 | 100.0 |   N/A |   N/A | 100.0 | 114.7
       Dungeon | 100.0 | 100.0 |   N/A |   N/A | 100.0 | 114.7
               +-------+-------+-------+-------+-------+----------------------

Table legend: (Time is in decaauts)
 A = Elapsed time spent in this place.
 B = Non-inter-level travel time spent in this place.
 C = Inter-level travel time spent in this place.
 D = Time resting spent in this place.
 E = Time spent auto-exploring this place.
 F = Levels seen in this place.
 G = Mean time per level.
                   A        B        C        D        E       F      G
               +--------+--------+--------+--------+--------+-----+--------+
         Total |   3663 |   3567 |     96 |     79 |   3106 |   3 | 1221.0 |
       Dungeon |   3663 |   3567 |     96 |     79 |   3106 |   3 | 1221.0 |
               +--------+--------+--------+--------+--------+-----+--------+

Top non-repeatable levels by time:
     D:2: 1598 daAuts
     D:3: 1247 daAuts
     D:1: 817 daAuts
